 Dungeon Crawl Stone Soup version 0.32-a0-391-gce5c0aa (webtiles) character file.

Game seed: 3813250699166909109

139 marwff the Grave Robber (level 5, -1/28 HPs)
             Began as a Deep Elf Necromancer on Feb 19, 2024.
             Splashed by a jelly's acid (9 damage)
             ... on level 4 of the Dungeon.
             The game lasted 00:13:09 (3346 turns).

marwff the Grave Robber (Deep Elf Necromancer)      Turns: 3346, Time: 00:13:10

Health: -1/28      AC: -5    Str:  5    XL:     5   Next: 1%
Magic:  4/11       EV: 27    Int: 22    God:
Gold:   183        SH:  0    Dex: 15    Spells: 5/10 levels left

rFire   . . .        z - +0 short sword (elec)
rCold   . . .        (no shield)
rNeg    . . .        a - +0 robe
rPois   .            y - +0 helmet
rElec   .            (no cloak)
rCorr   .            (no gloves)
SInv    .            (no boots)
Will    .....        r - amulet of the acrobat
Stlth   ++           (no ring)
HPRegen 0.24/turn    (no ring)
MPRegen 0.12/turn

%: acrobat
@: corroded, acrobatic, animating dead
A: no striking features
a: no special abilities


You were on level 4 of the Dungeon.
You visited 1 branch of the dungeon, and saw 4 of its levels.

You collected 183 gold pieces.

Inventory:

Hand Weapons
 d - a +1 whip of draining
 l - a +0 sling
 u - a +0 dagger of flaming
 z - a +0 short sword of electrocution (weapon)
Missiles
 m - 48 stones (quivered)
Armour
 a - a +0 robe (worn)
 y - a +0 helmet (worn)
 A - an orb of wrath
Magical Staves
 q - a staff of air
Jewellery
 r - an amulet of the acrobat (around neck)
 w - an amulet of reflection
Wands
 s - a wand of flame (14)
 B - a wand of polymorph (10)
Scrolls
 c - 2 scrolls of teleportation {unknown}
 f - 3 scrolls of amnesia {unknown}
 g - 9 scrolls of identify {unknown}
 n - 2 scrolls of vulnerability {unknown}
 o - a scroll of brand weapon {unknown}
 p - a scroll of immolation {unknown}
 t - 2 scrolls of enchant weapon {unknown}
 x - a scroll of noise {unknown}
Potions
 b - 3 potions of magic
 e - 2 potions of brilliance {unknown}
 h - a potion of haste {unknown}
 i - 2 potions of degeneration {unknown}
 j - a potion of mutation {unknown}
 k - 3 potions of curing {unknown}
 v - a potion of cancellation {unknown}


   Skills:
 - Level 2.6 Dodging
 - Level 2.7 Stealth
 - Level 3.2 Spellcasting
 + Level 7.4 Necromancy


You had 5 spell levels left.
You knew the following spells:

 Your Spells              Type           Power      Damage    Failure   Level
a - Necrotise             Necr           100%       1d9       1%          1
b - Animate Dead          Necr           36%        N/A       6%          4

Your spell library contained the following spells:

 Spells                   Type           Power      Damage    Failure   Level
 Fugue of the Fallen      Necr           36%        N/A       1%          3
 Vampiric Draining        Necr           36%        2d8       1%          3
 Freeze                   Ice            12%        1d3       12%         1
 Curse of Agony           Necr           36%        N/A       16%         5
 Ensorcelled Hibernation  Hex/Ice        6%         N/A       19%         2
 Frozen Ramparts          Ice            6%         1d1       36%         3
 Hailstorm                Conj/Ice       3%         3d5       36%         3
 Ozocubu's Armour         Ice            3%         N/A       36%         3
 Passwall                 Erth           3%         N/A       36%         3
 Swiftness                Air            3%         N/A       36%         3
 Manifold Assault         Tloc           3%         N/A       77%         4


Dungeon Overview and Level Annotations

Branches:
Dungeon (4/15)
 Temple: D:4-7

Altars:
Qazlal
Wu Jian

Shops:
D:4 =

Annotations:
D:4 Dowan, Duvessa


Message History

Press: ? - help, Shift-Dir - straight line, f/p - hobgoblin
Aim: a hobgoblin, wielding a +0 whip (heavily wounded, chance to affect: 93%)
The hobgoblin writhes in agony.
You kill the hobgoblin!
* * * LOW MAGIC WARNING * * *
The dead are walking!
You have reached level 5!
A jelly comes into view.
A kobold comes into view. It is wielding a +0 whip.
You see here a +0 whip.
You swap places.
Casting: Necrotise (safe; 1% risk of failure)
Confirm with . or Enter, or press ? or * to list all spells.
Aiming: Necrotise (safe; 1% risk of failure)
Press: ? - help, Shift-Dir - straight line, f - kobold
Aim: a kobold, wielding a +0 whip (chance to affect: 93%)
The kobold writhes in agony!
You kill the kobold!
* * * LOW MAGIC WARNING * * *
The jelly hits your hobgoblin zombie.
Your hobgoblin zombie is splashed with acid.
The acid corrodes your hobgoblin zombie!
Your hobgoblin zombie hits the jelly.
Your hobgoblin zombie is burned by acid!
Your hobgoblin zombie is destroyed!
You hit the jelly. The acid corrodes you!
Your hands burn!
* * * LOW HITPOINT WARNING * * *
The jelly is heavily wounded.
The jelly hits you.
* * * LOW HITPOINT WARNING * * *
The acid corrodes you!
You are splashed with acid!
* * * LOW HITPOINT WARNING * * *
The jelly attacks as it pursues you! The jelly completely misses you.
The jelly attacks as it pursues you! The jelly completely misses you.
You see here a +0 whip.
The jelly jiggles.
The jelly attacks as it pursues you! The jelly hits you.
* * * LOW HITPOINT WARNING * * *
You are splashed with acid!
You die...

.........#....#.....+..#.#.#
.........#....#............#
.........#....#............#
.####+#..#....#.....#####..#
#..#....#......###...# .#
#..########.....#....# ...
#.............ß)#.ß..#
###.###.#########....#....#
....)...Z).J@.......###...#
....#....##.#...#..#####..# ..
#.....#.#...#.........#
#.....#.#.###.........#
#....##.#.....#.......#
#....'..#######.#####.###
#.#....######..............
#...........#.###.#..≈≈≈≈≈≈
#################.#.#...#..≈.....


You could see a jelly (ally target) and a friendly kobold zombie.

Vanquished Creatures
  4 adders
  A ribbon worm (D:3)
  3 bats
  7 endoplasms
  6 hobgoblins
  4 quokkas
  4 ball pythons
  A frilled lizard (D:1)
  9 goblins
  8 kobolds
  2 rats (D:1)
49 creatures vanquished.

Vanquished Creatures (collateral kills)
  A dart slug (D:3)
  A ball python (D:3)
  An endoplasm (D:2)
  A quokka (D:2)
  A frilled lizard (D:1)
  A rat (D:1)
6 creatures vanquished.

Vanquished Creatures (others)
  A dart slug zombie (D:3)
  A goblin zombie (D:3)
  A hobgoblin zombie (D:4)
3 creatures vanquished.

Grand Total: 58 creatures vanquished

Notes
Turn   | Place    | Note
-------+----------+-------------------------------------------
     0 | D:1      | marwff the Deep Elf Necromancer began the quest for the
                  | Orb.
     0 | D:1      | Reached XP level 1. HP: 10/10 MP: 6/6
    95 | D:1      | Reached skill level 5 in Necromancy
   102 | D:1      | Reached XP level 2. HP: 15/15 MP: 4/8
   777 | D:1      | Reached XP level 3. HP: 19/19 MP: 6/9
  1385 | D:2      | Found a faded altar of an unknown god.
  1505 | D:2      | Reached skill level 6 in Necromancy
  1921 | D:3      | Reached XP level 4. HP: 24/24 MP: 4/10
  1928 | D:3      | Learned a level 4 spell: Animate Dead
  2202 | D:3      | Reached skill level 7 in Necromancy
  2561 | D:3      | Found a stormy altar of Qazlal.
  2702 | D:4      | Noticed Duvessa
  2702 | D:4      | Noticed Dowan
  2933 | D:4      | Found an ornate altar of the Wu Jian Council.
  3008 | D:4      | Found Xifosese's Jewellery Shop.
  3335 | D:4      | Reached XP level 5. HP: 19/28 MP: 4/11
  3346 | D:4      | Splashed by a jelly's acid

Illustrated notes

Levels and vault maps discovered:
D:1:      psy_arrival_terrarium, layout_basic
D:2:      layout_rooms, ebering_ecumenical_altar_petrified
D:3:      layout_rooms, mainiacjoe_overflow_alcove_2
D:4:      layout_basic, lemuel_round_altar, chequers_decorated_corner,
          mrwooster_statue_mirror, nicolae_inconvenience_store,
          kennysheep_generic_room_9, uniq_edmund, uniq_duvessa

Skill      XL: |  1  2  3  4 |
---------------+-------------+-----
Necromancy     | 5 6 7 |  7.4
Dodging        | |  2.6
Stealth        | |  2.7
Spellcasting   | |  3.2

Action                     |  1- 3 |  4- 6 || total
---------------------------+-------+-------++-------
  Melee: Dagger            |       |     3 ||     3
         Short sword       |       |     1 ||     1
  Throw: Stone             |     3 |       ||     3
   Cast: Necrotise         |    61 |    36 ||    97
         Animate Dead      |       |     3 ||     3
 Armour: Robe              |     2 |     5 ||     7
  Dodge: Dodged            |     6 |     5 ||    11

Table legend: (Time is in decaauts)
 A = Elapsed time spent in this place.
 B = Non-inter-level travel time spent in this place.
 C = Inter-level travel time spent in this place.
 D = Time resting spent in this place.
 E = Time spent auto-exploring this place.
 F = Levels seen in this place.
 G = Mean time per level.
                   A        B        C        D        E       F      G
               +--------+--------+--------+--------+--------+-----+--------+
         Total |   3344 |   2960 |    384 |     36 |   2571 |   4 |  836.0 |
       Dungeon |   3344 |   2960 |    384 |     36 |   2571 |   4 |  836.0 |
               +--------+--------+--------+--------+--------+-----+--------+

Top non-repeatable levels by time:
     D:1: 1238 daAuts
     D:3: 764 daAuts
     D:2: 708 daAuts
     D:4: 634 daAuts
